 Dungeon Crawl Stone Soup version 0.24.0-13-gcf9b3192b9 (webtiles) character file.

Game seed: 1773437346792576343, levelgen mode: deterministic

184 no0bjke the Chopper (level 5, -7/32 HPs)
             Began as a Gargoyle Fighter on Nov 5, 2019.
             Mangled by an ogre
             ... wielding a +0 giant club
              (22 damage)
             ... on level 4 of the Dungeon.
             The game lasted 00:02:47 (2089 turns).

no0bjke the Chopper (Gargoyle Fighter)              Turns: 2089, Time: 00:02:47

Health: -7/32      AC: 10    Str: 21    XL:     5   Next: 63%
Magic:  5/5        EV:  7    Int:  8    God:
Gold:   215        SH:  9    Dex:  9    Spells: 4/4 levels left

rFire    . . .     SeeInvis .   a - +0 war axe
rCold    . . .     Gourm    .   c - +0 shield
rNeg     + . .     Faith    .   b - +0 scale mail
rPois    ∞         Spirit   .   (no helmet)
rElec    +         Reflect  .   (no cloak)
rCorr    .         Harm     .   (no gloves)
MR       .....                  (no boots)
Stlth    ..........             l - amulet of the acrobat
HPRegen  0.10/turn              (no ring)
MPRegen  0.09/turn              (no ring)

@: no status effects
A: negative energy resistance 1, electricity resistance, unbreathing,
petrification resistance, rot immunity, AC +4
a: no special abilities


You were on level 4 of the Dungeon.
You were not hungry.

You visited 1 branch of the dungeon, and saw 4 of its levels.

You collected 215 gold pieces.

Inventory:

Hand Weapons
 a - a +0 war axe (weapon)
Armour
 b - a +0 scale mail (worn)
 c - a +0 shield (worn)
 t - a +0 pair of boots
Jewellery
 l - an amulet of the acrobat (around neck)
Scrolls
 e - a scroll of enchant weapon {unknown}
 g - 2 scrolls of magic mapping {unknown}
 h - a scroll of immolation {unknown}
 i - a scroll of noise {unknown}
 j - a scroll of remove curse {unknown}
 k - 4 scrolls of teleportation {unknown}
 m - a scroll of identify {unknown}
 q - a scroll of fear {unknown}
 r - a scroll of amnesia {unknown}
 u - 2 scrolls of blinking {unknown}
Potions
 d - 2 potions of might
 n - 2 potions of heal wounds {unknown}
 o - a potion of mutation {unknown}
 p - a potion of berserk rage {unknown}
 v - a potion of degeneration {unknown}
 w - a potion of flight {unknown}
 x - a potion of agility {unknown}
Comestibles
 f - 8 rations
 s - a chunk of flesh


   Skills:
 - Level 3.2 Fighting
 * Level 5.2 Axes
 - Level 3.2 Armour
 - Level 3.2 Shields


You had 4 spell levels left.
You didn't know any spells.
Your spell library was empty.

Dungeon Overview and Level Annotations

Branches:
Dungeon (4/15)
 Temple: D:4-7

Altars:
Ashenzari
Makhleb
Uskayaw
Xom
The Shining One


Innate Abilities, Weirdness & Mutations

You are resistant to torment.
Your stone body is resilient. (AC +4)
You are immune to poison.
You resist negative energy. (rN+)
You are resistant to electric shocks. (rElec)
You can survive without breathing.
You are immune to petrification.
You are immune to rotting.


Message History

s - 3 chunks of flesh (gained 1)
Things that are here:
a +0 spear; a gnoll skeleton You start resting.
HP restored.
f - 8 rations (gained 1)
Found a stone staircase leading down.
e - a scroll labeled VIWUAGHAPH
Found 22 arrows.
No target in view!
Some of the chunks of flesh in your inventory have rotted away.
An ogre comes into view. It is wielding a +0 giant club.
The ogre shouts!
An ogre is nearby!
An ogre is nearby!
You closely miss the ogre. The ogre hits you with a +0 giant club!
Ouch! That really hurt!
The ogre hits you with a +0 giant club!!
Ouch! That really hurt!
You die...

#....###
#......##
#.......#
#.......#
#.......#
#.......#
##.....##
#.....##
##...@.#
##...O..#
#..........
#..........
.....#.....
#....####...
#....# ...
#....# ..


You could see an ogre.

Vanquished Creatures
  An iguana (D:3)
  5 adders (D:2)
  4 gnolls
  3 worms
  3 dart slugs (D:1)
  An orc (D:3)
  8 bats
  2 giant cockroaches (D:2)
  6 goblins
  4 hobgoblins
  7 jackals
  10 kobolds
  A quokka (D:2)
  3 frilled lizards
  A leopard gecko skeleton (D:2)
  8 rats
67 creatures vanquished.

Notes
Turn   | Place    | Note
-------+----------+-------------------------------------------
     0 | D:1      | no0bjke the Gargoyle Fighter began the quest for the Orb.
     0 | D:1      | Reached XP level 1. HP: 14/14 MP: 1/1
    27 | D:1      | Reached skill level 2 in Axes
    33 | D:1      | Reached XP level 2. HP: 19/19 MP: 2/2
   284 | D:1      | Reached skill level 3 in Axes
   355 | D:1      | Reached XP level 3. HP: 23/23 MP: 3/3
   624 | D:2      | Reached XP level 4. HP: 20/28 MP: 4/4
   627 | D:2      | Reached skill level 4 in Axes
  1039 | D:2      | Found a shimmering altar of Xom.
  1041 | D:2      | Found a burning altar of Makhleb.
  1043 | D:2      | Found a shattered altar of Ashenzari.
  1286 | D:3      | Reached XP level 5. HP: 32/32 MP: 5/5
  1337 | D:3      | Found a hide-covered altar of Uskayaw.
  1446 | D:3      | Found a glowing golden altar of the Shining One.
  1862 | D:3      | Reached skill level 5 in Axes
  2086 | D:4      | Noticed an ogre
  2089 | D:4      | Mangled by an ogre

Levels and vault maps discovered:
D:1:      lightli_iron_boxes, layout_basic
D:2:      layout_rooms, grunt_temple_overflow_open
D:3:      layout_loops_ring, eat_drink_and_be_merry_uskayaw, st_stairs_1,
          nicolae_tso_swordbearing_angel
D:4:      layout_cave_pods, first_ration

Skill      XL: |  1  2  3  4  5 |
---------------+----------------+-----
Axes           | 2 3 4 5 |  5.2
Fighting       | |  3.2
Armour         | |  3.2
Shields        | |  3.2

Action                   |  1- 3 |  4- 6 || total
-------------------------+-------+-------++-------
Melee: War axe           |    85 |   128 ||   213
  Eat: Chunk             |       |     4 ||     4
Armor: Scale mail        |    54 |    53 ||   107
Dodge: Dodged            |    28 |    63 ||    91
Block: Shield            |    66 |    73 ||   139
